 Dungeon Crawl Stone Soup version 0.30-b1-2-g02819fbbbe (webtiles) character file.

Game seed: 3413683217313816765

124014 Flugkiller the Severer (level 16, -1/147 HPs)
             Began as a Minotaur Fighter on May 5, 2023.
             Was a Priest of Okawaru.
             Collided with a mangrove (33 damage)
             ... caused by Bai Suzhen
             ... on level 4 of the Swamp.
             The game lasted 00:25:46 (30361 turns).

Flugkiller the Severer (Minotaur Fighter)          Turns: 30361, Time: 00:25:47

Health: -1/147     AC: 33    Str: 29    XL:     16   Next: 38%
Magic:  18/23      EV: 13    Int:  4    God:    Okawaru [***...]
Gold:   1645       SH: 14    Dex: 11    Spells: 15/15 levels left

rFire   . . .        J - +4 broad axe (flame)
rCold   . . .        v - +0 kite shield
rNeg    . . .        I - +0 swamp dragon scales
rPois   +            (helmet restricted)
rElec   .            D - +2 cloak {Stlth+}
rCorr   .            H - +2 pair of gloves
SInv    .            N - +2 pair of boots
Will    +....        A - amulet of regeneration
Stlth   ++           K - +4 ring of protection
HPRegen 1.24/turn    p - +4 ring of protection
MPRegen 0.18/turn

%: no passive effects
@: heroic, finesse-ful, very slow
A: horns 2, retaliatory headbutt, clumsy 1, strong 1, sturdy frame 1
a: Renounce Religion, Heroism


You were on level 4 of the Swamp.
You worshipped Okawaru.
Okawaru was most pleased with you.
You visited 5 branches of the dungeon, and saw 27 of its levels.
You also visited: Ossuary and Bailey.

You collected 2749 gold pieces.
You spent 1104 gold pieces at shops.

Inventory:

Hand Weapons
 J - a +4 broad axe of flaming (weapon)
   (Okawaru gifted it to you on level 1 of the Orcish Mines)
Missiles
 x - 6 throwing nets (quivered)
Armour
 b - a +0 plate armour
   (You found it on level 7 of the Dungeon)
 v - a +0 kite shield (worn)
   (You took it off a vault guard on level 14 of the Dungeon)
 D - a +2 cloak of stealth (worn)
   (You found it in a bailey)
 H - a +2 pair of gloves (worn)
   (You found it on level 7 of the Dungeon)
 I - +0 swamp dragon scales (worn)
   (You found it on level 3 of the Lair of Beasts)
 N - a +2 pair of boots (worn)
   (You found it on level 8 of the Dungeon)
Jewellery
 c - a ring of protection from cold
   (You found it on level 5 of the Lair of Beasts)
 i - a ring of see invisible
   (You found it on level 6 of the Dungeon)
 m - a ring of willpower
   (You took it off a centaur on level 10 of the Dungeon)
 o - a ring of poison resistance
   (You bought it in a shop on level 2 of the Orcish Mines)
 p - a +4 ring of protection (right hand)
   (You found it on level 8 of the Dungeon)
 A - an amulet of regeneration (around neck)
   (You bought it in a shop on level 2 of the Orcish Mines)
 K - a +4 ring of protection (left hand)
   (You found it on level 3 of the Lair of Beasts)
Wands
 g - a wand of digging (9)
   (You found it on level 2 of the Lair of Beasts)
 B - a wand of mindburst (32)
   (You found it on level 4 of the Dungeon)
 O - a wand of iceblast (2)
   (You took it off a centaur on level 10 of the Dungeon)
Scrolls
 f - a scroll of fog
 l - 7 scrolls of magic mapping
 r - 17 scrolls of identify
 t - 8 scrolls of teleportation
 z - 2 scrolls of blinking
 C - 5 scrolls of immolation
 E - 5 scrolls of vulnerability
 M - 8 scrolls of fear
Potions
 a - a potion of attraction
 d - 3 potions of might
 e - 2 potions of invisibility
 h - 3 potions of haste
 j - 4 potions of magic
 k - 3 potions of lignification
 n - 2 potions of resistance
 q - 11 potions of curing
 s - 2 potions of cancellation
 u - 5 potions of flight
 w - 2 potions of heal wounds
 G - 3 potions of ambrosia
 Y - a potion of mutation
 Z - a potion of berserk rage
Miscellaneous
 F - a condenser vane (inert)
   (You found it on level 9 of the Dungeon)


   Skills:
 + Level 14.8(19.8) Fighting
 - Level 20.0(25.0) Axes
 + Level 14.9(19.9) Armour
 + Level 14.8(19.8) Shields
 + Level 10.9 Invocations
 - Level 8.0 Evocations


You had 15 spell levels left.
You didn't know any spells.
Your spell library was empty.

Dungeon Overview and Level Annotations

Branches:
Dungeon (15/15)            Temple (1/1) D:6            Lair (5/5) D:8
  Swamp (4/4) Lair:2       Spider (0/4) Lair:3        Slime (0/5) Lair:4
    Orc (2/2) D:11            Elf (0/3) Orc:2        Vaults (0/5) D:14
 Depths (0/4) D:15        Ossuary (visited)          Bailey (visited)

Altars:
Ashenzari
Cheibriados
Dithmenos
Elyvilon
Fedhas
Gozag
Hepliaklqana
Makhleb
Nemelex Xobeh
Okawaru
Qazlal
Ru
Sif Muna
Trog
Uskayaw
Vehumet
Wu Jian
Xom
Yredelemnul
Zin
The Shining One

Shops:
D:3 [   D:8 [   D:11 ?(   D:12 ?   D:15 *   Orc:2 ==[[

Portals:
Trove: D:11 (give +4 demon whip)

Annotations:
D:3 3 runed translucent doors, MrCrawl's ghost, weakling DsNe
D:9 2 transporters
D:13 Erolcha
Swamp:4 Bai Suzhen


Innate Abilities, Weirdness & Mutations

You have a pair of horns on your head.
You reflexively headbutt those who attack you in melee.
You are clumsy. (Dex -2)
Your muscles are strong. (Str +4, Int/Dex -1)
Your movements are slightly less encumbered by armour. (ER -2)


Message History

The seven-headed hydra bites you but does no damage. x3
You block the seven-headed hydra's attack.
The seven-headed hydra bites you.
The seven-headed hydra bites you but does no damage.
You slice one of the seven-headed hydra's heads off!
The flame cauterises the wound!
You slash the six-headed hydra! You burn the six-headed hydra.
You headbutt the six-headed hydra!
The six-headed hydra is almost dead.
You can now deal lightning-fast blows.
You can no longer speed up your combat.
You hit Bai Suzhen but do no damage. You headbutt Bai Suzhen!
Bai Suzhen is lightly wounded.
You barely miss Bai Suzhen. Your headbutt misses Bai Suzhen.
Bai Suzhen is lightly wounded.
Bai Suzhen hits you with a +0 quarterstaff!
Bai Suzhen barely misses you.
You barely miss the six-headed hydra. You headbutt the six-headed hydra!
You kill the six-headed hydra!
The six-headed hydra's corpse disappears in a puff of smoke!
You slice Bai Suzhen!! You burn Bai Suzhen.
You gain the combat prowess of a mighty hero.
You block Bai Suzhen's attack. Bai Suzhen barely misses you.
You slice Bai Suzhen!! You burn Bai Suzhen!
You headbutt Bai Suzhen, but do no damage.
Bai Suzhen is moderately wounded.
You barely miss Bai Suzhen. You headbutt Bai Suzhen!
Bai Suzhen is heavily wounded.
Bai Suzhen closely misses you. You furiously retaliate!
You headbutt Bai Suzhen!
Bai Suzhen tail-slaps you but does no damage.
You barely miss Bai Suzhen. You headbutt Bai Suzhen.
Bai Suzhen is heavily wounded.
You hit Bai Suzhen. You burn Bai Suzhen. Your headbutt misses Bai Suzhen.
Bai Suzhen is heavily wounded.
You barely miss Bai Suzhen.
Bai Suzhen roars in fury and transforms into a fierce dragon!
You headbutt Bai Suzhen!
Bai Suzhen is heavily wounded.
You are engulfed in a thunderstorm.
You barely miss Bai Suzhen. Your headbutt misses Bai Suzhen.
Bai Suzhen is heavily wounded.
You barely miss the ghost crab.
You are engulfed in a thunderstorm.
You completely miss Bai Suzhen.
Bai Suzhen is heavily wounded.
You hit the ghost crab. You burn the ghost crab.
Bai Suzhen breathes water at you.
The torrent of water hits you but does no damage.
You shrug off the wave.
You are knocked back by the torrent of water.
You slam into the mangrove!
The wave splashes down.
Splash!
You fall into the shallow water.
Moving in this stuff is going to be slow.
You block the ghost crab's attack. x2
You hit Bai Suzhen but do no damage. Your headbutt misses Bai Suzhen.
Bai Suzhen is heavily wounded.
You slice the ghost crab!! You burn the ghost crab.
You are engulfed in a thunderstorm.
Your unstable footing causes you to fumble your attack.
You hit Bai Suzhen but do no damage.
You headbutt Bai Suzhen, but do no damage.
Bai Suzhen is heavily wounded.
You hit the ghost crab. You burn the ghost crab.
Bai Suzhen breathes water at you. You block the torrent of water.
The wave splashes down.
You block the ghost crab's attack. x2
Your unstable footing causes you to fumble your attack.
You slash Bai Suzhen! You burn Bai Suzhen.
Bai Suzhen is heavily wounded.
You barely miss the ghost crab.
You are engulfed in a thunderstorm.
You block Bai Suzhen's attack.
Bai Suzhen claws you but does no damage.
Bai Suzhen tramples you but does no damage.
You block the ghost crab's attack.
The ghost crab claws you but does no damage.
You barely miss Bai Suzhen.
Bai Suzhen is heavily wounded.
You slice the ghost crab!! You burn the ghost crab.
You destroy the ghost crab!
Okawaru accepts your kill.
Your unstable footing causes you to fumble your attack.
Your unstable footing causes you to fumble your attack.
Bai Suzhen bites you! You block Bai Suzhen's attack.
Bai Suzhen tramples you but does no damage.
Your unstable footing causes you to fumble your attack.
You hit Bai Suzhen but do no damage.
Bai Suzhen is heavily wounded.
You barely miss Bai Suzhen.
Bai Suzhen is heavily wounded.
You are engulfed in a thunderstorm.
You block Bai Suzhen's attack. Bai Suzhen claws you!
* * * LOW HITPOINT WARNING * * *
Bai Suzhen tramples you but does no damage.
You feel much better. Bai Suzhen breathes water at you.
The torrent of water hits you!!
* * * LOW HITPOINT WARNING * * *
You are knocked back by the torrent of water.
You slam into the mangrove!
You die...

..~~~~~§~.^~~.~~
~.~~~.~~~~~.~~~~
..~..†.~~~~.~§~~
.~~~§..~~~~~~~~~ ♣
~~~~~~...~~~~~~~ ..
~~~~§~~.~~~~§~~ .~~
..~~.~~~♣.~~~~. ♣♣♣..~~
..~~~.♣♣♣♣.$.~~♣♣~~~~~..
.♣.~~~♣♣♣ ♣.♣♣♣~@§§~~.~.
..♣....~♣♣♣♣♣♣~~§D§~.~♣♣
.♣♣♣..~~~~....~~§§§.♣♣♣
♣♣ ♣♣§.~~~~~~~~~.♣♣♣♣
♣♣♣♣..~~§.~.♣♣
♣♣~.~~.♣♣♣ ♣♣~..~♣
♣♣♣♣♣♣


You could see Bai Suzhen (clouds, catching breath).

Vanquished Creatures
  Jorgrun (D:15)
  Mlioglotl (Swamp:1)
  Frances (Swamp:1)
  A fenstrider witch (Swamp:3)
  An orc warlord (Bailey)
  Louise (Swamp:2)
  2 eleionomae (Swamp:2)
  3 bunyips (Swamp:3)
  Josephine (Swamp:1)
  An ettin (Orc:2)
  A shambling mangrove (Swamp:2)
  2 ice dragons (D:15)
  Harold (Orc:1)
  A catoblepas (Lair:4)
  5 vault guards
  Erica (Orc:1)
  9 hydras
  5 centaur warriors
  A ghost crab (Swamp:4)
  4 boulder beetles
  2 death knights
  4 two-headed ogres
  9 alligators
  2 orc high priests (Orc:1)
  A skeletal warrior (D:13)
  2 death drakes
  5 goliath frogs
  2 bog bodies
  Amaemon (D:8)
  2 spriggan druids
  5 swamp dragons
  2 phantasmal warriors (D:15)
  6 ugly things
  4 orc knights (Orc:2)
  8 cyclopes
  A harpy (shapeshifter) (D:15)
  A will-o-the-wisp (Swamp:2)
  A deep elf pyromancer (D:12)
  4 orc sorcerers
  3 manticores
  A manticore (shapeshifter) (D:14)
  Joseph (Lair:1)
  4 elephants
  3 black mambas
  A black mamba (shapeshifter) (D:13)
  2 gargoyles
  2 torpor snails (Lair:5)
  8 cane toads
  An orange demon (D:8)
  A kobold demonologist (D:13)
  2 unseen horrors
  3 rime drakes
  3 yaktaurs (D:15)
  2 freezing wraiths
  An efreet (D:14)
  3 tengu conjurers (D:14)
  5 komodo dragons
  A tyrant leech (Swamp:1)
  Prince Ribbit (D:9)
  9 trolls
  5 polar bears
  6 dream sheep (Lair:5)
  15 blink frogs
  12 hornets
  10 slime creatures
  A centaur simulacrum (D:15)
  2 shadows
  5 wyverns
  29 yaks
  8 wraiths
  20 spriggans
  Grum (D:8)
  13 vampire mosquitoes
  5 basilisks
  A steam dragon (D:7)
  2 swamp worm simulacra (Swamp:4)
  8 wargs
  18 swamp worms
  6 acid dragons
  18 water moccasins
  5 swamp drakes
  54 orc warriors
  4 ice beasts
  2 sky beasts
  8 boggarts
  6 ogres
  3 black bears
  33 wolves
  21 centaurs
  3 kobold brigands
  8 bullfrogs
  4 gnoll sergeants
  2 scorpions
  3 water moccasin zombies (Ossuary)
  7 wights (D:9)
  A killer bee (D:9)
  An electric eel (Lair:2)
  A centaur zombie (D:3)
  A gnoll bouda (D:7)
  10 orc priests
  5 hounds
  2 jellies
  3 sleepcaps
  5 iguanas
  24 orc wizards
  12 hell rats
  3 mummies
  Robin (D:2)
  4 adders
  22 gnolls
  2 white imps
  A swamp drake simulacrum (Swamp:4)
  A worm zombie (D:5)
  5 adder zombies (Ossuary)
  5 worms
  2 dart slugs
  67 orcs
  2 endoplasms
  2 giant cockroaches (D:3)
  2 gnoll zombies (Ossuary)
  29 goblins
  18 hobgoblins
  4 jackals (D:4)
  14 kobolds
  8 quokkas
  8 ball pythons
  A ball python zombie (D:3)
  3 bats
  A frilled lizard (D:2)
  3 hobgoblin zombies
  10 kobold zombies
  5 orc zombies
  3 rats
801 creatures vanquished.

Vanquished Creatures (others)
  A bunyip (Swamp:1)
  A hydra (Swamp:4)
  3 bloated husks
  A swamp drake (Swamp:3)
  A centaur (Orc:2)
  An orc wizard (D:12)
  29 fungi
  48 plants
85 creatures vanquished.

Grand Total: 886 creatures vanquished

Notes
Turn   | Place    | Note
-------+----------+-------------------------------------------
     0 | D:1      | Flugkiller the Minotaur Fighter began the quest for the
                  | Orb.
     0 | D:1      | Reached XP level 1. HP: 19/19 MP: 0/0
    73 | D:1      | Found a faded altar of an unknown god.
   338 | D:1      | Reached XP level 2. HP: 27/27 MP: 1/1
   573 | D:1      | Reached skill level 3 in Axes
   730 | D:2      | Noticed Robin
   738 | D:2      | Killed Robin
   739 | D:2      | Reached XP level 3. HP: 33/33 MP: 2/2
   886 | D:2      | Found a burning altar of Makhleb.
  1174 | D:2      | Reached XP level 4. HP: 40/40 MP: 3/3
  1241 | D:3      | Found a runed translucent gate.
  1241 | D:3      | Found a runed translucent gate.
  1241 | D:3      | Found a runed translucent gate.
  1241 | D:3      | Noticed MrCrawl's ghost (weakling DsNe)
  1243 | D:3      | Found a basalt altar of Yredelemnul.
  1251 | D:3      | Reached skill level 4 in Axes
  1400 | D:3      | Found Buijagg's Armour Emporium.
  1547 | D:3      | Reached XP level 5. HP: 22/47 MP: 4/4
  1646 | D:3      | Found a stormy altar of Qazlal.
  1767 | D:3      | HP: 2/47 [orc priest/+0 war axe (3)]
  2731 | D:3      | Found an ornate altar of the Wu Jian Council.
  2875 | D:4      | Reached skill level 5 in Axes
  2925 | D:4      | Reached XP level 6. HP: 51/55 MP: 5/5
  3250 | D:4      | Found a radiant altar of Vehumet.
  3405 | D:5      | Entered Level 5 of the Dungeon
  3424 | D:5      | Reached skill level 5 in Fighting
  3461 | D:5      | Reached skill level 5 in Shields
  3467 | D:5      | Reached skill level 5 in Armour
  3515 | D:5      | Noticed an ice beast
  3806 | D:5      | Reached skill level 6 in Axes
  3893 | D:4      | Reached XP level 7. HP: 41/61 MP: 6/6
  4093 | D:5      | Found a sand-covered staircase.
  4101 | Ossuary  | Entered an ossuary
  4240 | Ossuary  | Reached skill level 7 in Axes
  4528 | D:5      | Reached XP level 8. HP: 70/70 MP: 7/7
  4847 | D:5      | Reached skill level 8 in Axes
  5266 | D:6      | Found a staircase to the Ecumenical Temple.
  5289 | Temple   | Entered the Ecumenical Temple
  5310 | Temple   | Became a worshipper of Warmaster Okawaru
  5869 | D:6      | Noticed a troll
  5923 | D:6      | Reached * piety under Okawaru
  5924 | D:6      | Reached skill level 9 in Axes
  5954 | D:6      | Noticed a red ugly thing
  6131 | D:6      | Killed a troll
  6132 | D:6      | Reached XP level 9. HP: 79/79 MP: 8/8
  7324 | D:7      | Paralysed by a hornet for 3 turns
  7334 | D:7      | Reached ** piety under Okawaru
  7335 | D:7      | Reached skill level 10 in Axes
  7335 | D:7      | Reached skill level 1 in Invocations
  7452 | D:7      | Found a shimmering altar of Xom.
  7453 | D:7      | Noticed a manticore
  7595 | D:7      | Found a bloodstained altar of Trog.
  8064 | D:7      | Found a hide-covered altar of Uskayaw.
  8182 | D:8      | Identified the +3 ring mail "Akkoigge" {+Blink rCorr}
  8246 | D:8      | Noticed Grum
  8262 | D:8      | Killed Grum
  8262 | D:8      | Reached *** piety under Okawaru
  8344 | D:8      | Found a flagged portal.
  8356 | Bailey   | Entered a bailey
  8497 | Bailey   | Reached skill level 11 in Axes
  8497 | Bailey   | Reached XP level 10. HP: 80/90 MP: 11/11
  8612 | Bailey   | Gained mutation: Your muscles are strong. (Str +4, Int/Dex
                  | -1) [potion of mutation]
  8612 | Bailey   | Gained mutation: Your movements are slightly less
                  | encumbered by armour. (ER -2) [potion of mutation]
  8612 | Bailey   | Gained mutation: You are clumsy. (Dex -2) [potion of
                  | mutation]
  8886 | Bailey   | Noticed an orc warlord
  9010 | Bailey   | Killed an orc warlord
  9010 | Bailey   | Reached **** piety under Okawaru
  9120 | Bailey   | Received a gift from Okawaru
  9206 | D:8      | Found a snail-covered altar of Cheibriados.
  9273 | D:8      | Noticed Amaemon
  9273 | D:8      | Noticed an orange demon
  9293 | D:8      | Reached skill level 15 in Axes
  9293 | D:8      | Reached XP level 11. HP: 71/97 MP: 12/12
  9298 | D:8      | Killed Amaemon
  9551 | D:8      | Found a staircase to the Lair.
  9707 | D:8      | Reached skill level 16 in Axes
  9826 | D:8      | Found Hyhe Tyt's Antique Armour Shop.
 10160 | D:9      | Noticed a green ugly thing
 10167 | D:9      | Reached ***** piety under Okawaru
 10173 | D:9      | Killed a green ugly thing
 10397 | D:9      | Identified the +1 leather armour of Voqiuf {rPois}
 10789 | D:9      | Noticed a boulder beetle
 10790 | D:9      | Found an opulent altar of Gozag.
 10793 | D:9      | Noticed a deep elf pyromancer
 10797 | D:9      | Noticed a catoblepas
 10798 | D:9      | Found a transporter.
 10823 | D:9      | Found a transporter.
 10990 | D:9      | Noticed Prince Ribbit
 10994 | D:9      | Killed Prince Ribbit
 11202 | D:10     | Entered Level 10 of the Dungeon
 11308 | D:10     | Reached XP level 12. HP: 86/106 MP: 14/14
 11594 | D:10     | Reached skill level 1 in Evocations
 12421 | Lair:1   | Entered Level 1 of the Lair of Beasts
 12421 | Lair:1   | Noticed Joseph
 12435 | Lair:1   | Killed Joseph
 12435 | Lair:1   | Received a gift from Okawaru
 12436 | Lair:1   | Reached skill level 5 in Invocations
 12596 | Lair:1   | Reached skill level 10 in Fighting
 12601 | Lair:1   | Reached skill level 10 in Shields
 12634 | Lair:1   | Identified the +11 whip "Kieppuh" {speed, Fragile rElec
                  | rN+++ Dex+3}
 12711 | Lair:1   | Reached skill level 10 in Armour
 13746 | Lair:2   | Reached skill level 17 in Axes
 14282 | Lair:2   | Received a gift from Okawaru
 14424 | Lair:2   | Found a staircase to the Swamp.
 14669 | Lair:3   | Received a gift from Okawaru
 14970 | Lair:3   | Reached XP level 13. HP: 107/115 MP: 8/16
 14992 | Lair:3   | Identified the +2 scale mail of Paeg {*Slow rElec rN++}
 15208 | Lair:3   | Found a hole to the Spider Nest.
 15748 | Lair:4   | Found a staircase to the Slime Pits.
 16726 | Lair:5   | Entered Level 5 of the Lair of Beasts
 16916 | Lair:5   | Reached skill level 18 in Axes
 17837 | Lair:5   | Reached skill level 5 in Evocations
 18003 | Lair:5   | Identified the staff of cold "Baunlinero" {rElec rPois rC+}
 18195 | Lair:5   | Reached XP level 14. HP: 105/122 MP: 18/18
 18960 | D:11     | Identified the +4 hand crossbow "Gazig" {antimagic, rPois
                  | Dex+3} (Okawaru gifted it to you on level 11 of the
                  | Dungeon)
 18960 | D:11     | Received a gift from Okawaru
 19031 | D:11     | Found a staircase to the Orcish Mines.
 19033 | D:11     | Found Butiot's Weapon Emporium.
 19143 | D:11     | Found Loasisk's Magic Scroll Shoppe.
 19358 | D:11     | Bought a scroll of enchant weapon for 127 gold pieces
 19358 | D:11     | Bought a scroll of enchant armour for 127 gold pieces
 19518 | D:11     | Found a blossoming altar of Fedhas.
 19573 | D:11     | Found a portal to a secret trove of treasure.
 20289 | D:12     | Reached skill level 19 in Axes
 20624 | D:12     | Found Laulowk's Magic Scroll Boutique.
 20685 | D:12     | Bought a scroll of blinking for 120 gold pieces
 20832 | D:13     | Noticed Erolcha
 21057 | D:13     | Received a gift from Okawaru
 22447 | D:14     | Identified the +1 robe of Springtime {Dex+2} (Okawaru
                  | gifted it to you on level 14 of the Dungeon)
 22447 | D:14     | Received a gift from Okawaru
 22714 | D:14     | Found a gate to the Vaults.
 23738 | D:15     | Entered Level 15 of the Dungeon
 23748 | D:15     | Reached XP level 15. HP: 127/134 MP: 12/20
 24081 | D:15     | Noticed Jorgrun
 24153 | D:15     | HP: 4/134 [centaur warrior/arrow (6)]
 24183 | D:15     | Killed Jorgrun
 24644 | D:15     | Reached skill level 20 in Axes
 24739 | D:15     | Found Gotrofie's Neck Hole.
 25227 | D:15     | Found a staircase to the Depths.
 25439 | Orc:1    | Entered Level 1 of the Orcish Mines
 25535 | Orc:1    | Noticed Harold
 25542 | Orc:1    | Received a gift from Okawaru
 25549 | Orc:1    | Killed Harold
 25664 | Orc:1    | Noticed Erica
 25690 | Orc:1    | Killed Erica
 25834 | Orc:2    | Entered Level 2 of the Orcish Mines
 26022 | Orc:2    | Found a staircase to the Elven Halls.
 26315 | Orc:2    | Found Tiusogew's Armour Boutique.
 26315 | Orc:2    | Found Loimp's Jewellery Shoppe.
 26803 | Orc:2    | Found Xoxicies's Jewellery Emporium.
 26805 | Orc:2    | Found Saqerr's Antique Armour Shop.
 26812 | Orc:2    | Bought an amulet of regeneration for 450 gold pieces
 26820 | Orc:2    | Bought a ring of poison resistance for 280 gold pieces
 27261 | Orc:2    | Received a gift from Okawaru
 27559 | Swamp:1  | Entered Level 1 of the Swamp
 27631 | Swamp:1  | Noticed Josephine
 27648 | Swamp:1  | Killed Josephine
 27720 | Swamp:1  | Noticed Mlioglotl
 27738 | Swamp:1  | Killed Mlioglotl
 27980 | Swamp:1  | Noticed Frances
 27992 | Swamp:1  | Killed Frances
 28189 | Swamp:1  | Reached skill level 10 in Invocations
 28262 | Swamp:2  | Received a gift from Okawaru
 28372 | Swamp:2  | Noticed Louise
 28386 | Swamp:2  | Killed Louise
 28888 | Swamp:2  | Reached XP level 16. HP: 112/146 MP: 19/22
 30130 | Swamp:4  | Entered Level 4 of the Swamp
 30163 | Swamp:3  | Received a gift from Okawaru
 30333 | Swamp:4  | Noticed Bai Suzhen
 30361 | Swamp:4  | Collided with a mangrove

Illustrated notes

Levels and vault maps discovered:
D:1:      dpeg_arrival_leaves_temple_mockup, layout_basic,
          chequers_ecumenical_altar_simple_redux
D:2:      layout_basic, basic_altar, uniq_robin
D:3:      mumra_celtic_spiral_tile, layout_loops_ring,
          nicolae_yredelemnul_ghost_church, nicolae_wu_jian_immortal_techniques,
          mainiacjoe_overflow_alcove_2, serial_shops, shop
D:4:      layout_cave_pools, nicolae_vehumet_altar_sigil
D:5:      layout_basic, enter_ossuary_3, minmay_mini_ossuary
D:6:      minmay_chambers_of_sixes, layout_loops_cross,
          grunt_temple_overflow_growth_and_decay, minmay_temple_entry_waves,
          hangedman_decor_diamond_cutter, serial_bayou_pond_a
D:7:      lemuel_ice_spiral_2, layout_basic, grunt_temple_overflow_open
D:8:      layout_loops_ring, mainiacjoe_overflow_brackets,
          hellmonk_lair_entry_icy, enter_bailey_4, serial_shops,
          nicolae_shop_tiny_waterfront, uniq_amaemon, uniq_grum
D:9:      layout_stronghold, gammafunk_temple_overflow_arena,
          serial_column_ruins, column_ruins_circle_medium, column_ruins_grid_1,
          column_ruins_open_medium, column_ruins_grid_1,
          column_ruins_open_small, minmay_joined_circles, uniq_prince_ribbit1
D:10:     layout_basic, lightli_fourway_metalbox
D:11:     layout_stronghold, orc_david_3, enter_trove_5, serial_shops,
          nicolae_shop_trees, minmay_strange_pillars, fedhas_ov_isle_minmay
D:12:     wad_guarded_room, layout_loops_cross, serial_shops, shop
D:13:     layout_loops_ring, uniq_erolcha
D:14:     layout_basic, lightli_vaults_fourway_checkpoint, nrook_campfire
D:15:     grunt_enter_depths_hoard, layout_irregular_city, serial_bayou_ford_a,
          hangedman_abyss_or_decor_stagger, nicolae_shop_sticking_my_neck_out,
          uniq_jorgrun
Temple:   minmay_freezing_vapour_temple
Lair:1:   layout_regular_city, st_stairs_9, minivault_26, uniq_joseph
Lair:2:   layout_misc_corridors, nicolae_swamp_entry_splash_gauntlet,
          beast_lair_carwin_7
Lair:3:   layout_long_grid, spider_nest_entry_web_field, pond
Lair:4:   layout_cave_shapes, slime_entry_1
Lair:5:   minmay_lair_end_enchanted_forest, layout_layer_cave,
          grunt_megastairs_5
Swamp:1:  layout_basic_swamp, nicolae_swamp_small_spring, uniq_mlioglotl,
          uniq_frances, uniq_josephine
Swamp:2:  layout_basic_swamp, portal_ice_cave_entry_pillars_2,
          nicolae_swamp_treefoil, uniq_louise
Swamp:3:  layout_basic_swamp, nicolae_swamp_triple_paths, swamp_pool3,
          nicolae_swamp_drake_lake
Swamp:4:  swamp_icy, layout_basic_swamp, uniq_bai_suzhen
Orc:1:    layout_diamond_mine, ebering_ghost_disaster_area, serial_shops, shop,
          uniq_erica, uniq_harold
Orc:2:    st_orc_rangers, layout_caves, nooodl_orcs_dogs

Skill      XL: |  1  2  3  4  5  6  7  8  9 10 11 12 13 14 15 |
---------------+----------------------------------------------+-----
Axes           | 3 4 5 6 7 9 11 15 16 17 18 19 20 | 20.0
Fighting       | 4 5 6 7 8 9 10 11 12 14 | 14.8
Armour         | 4 5 6 7 8 9 10 11 12 14 | 14.9
Shields        | 4 5 6 7 8 9 10 11 12 14 | 14.8
Invocations    | 2 3 4 6 7 8 10 | 10.9
Evocations     | 3 5 6 8 |  8.0

Action                     |  1- 3 |  4- 6 |  7- 9 | 10-12 | 13-15 | 16-18 || total
---------------------------+-------+-------+-------+-------+-------+-------++-------
  Melee: War axe           |    63 |     1 |     5 |    44 |       |       ||   113
         Headbutt          |     8 |    17 |    78 |    73 |   226 |    41 ||   443
         Hand axe          |       |   132 |   394 |    62 |       |       ||   588
         Battleaxe         |       |       |       |   281 |   702 |       ||   983
         Broad axe         |       |       |       |       |   332 |   178 ||   510
  Throw: Throwing net      |       |       |       |     1 |       |       ||     1
 Invoke: Heroism           |       |       |       |     6 |    17 |     6 ||    29
         Finesse           |       |       |       |     1 |     8 |     2 ||    11
  Evoke: Wand              |       |       |    13 |     1 |     4 |     2 ||    20
         Condenser vane    |       |       |       |     1 |     1 |     1 ||     3
    Use: Potion            |     1 |     1 |    11 |    14 |     4 |     2 ||    33
         Scroll            |       |    12 |    11 |     6 |    15 |     2 ||    46
   Stab: Invisible         |       |       |       |     2 |       |       ||     2
         Sleeping          |       |       |       |     1 |     5 |       ||     6
 Armour: Scale mail        |    33 |    57 |    40 |       |       |       ||   130
         Chain mail        |       |       |    82 |       |       |       ||    82
         Ring mail         |       |       |    25 |   187 |       |       ||   212
         Plate armour      |       |       |    12 |       |       |       ||    12
         Skin              |       |       |     8 |    30 |       |       ||    38
         Swamp dragon scal |       |       |       |    22 |   625 |    83 ||   730
  Dodge: Dodged            |    28 |    63 |   124 |   202 |   426 |    54 ||   897
  Block: Buckler           |     8 |    23 |    83 |    35 |       |       ||   149
         Kite shield       |       |       |       |       |   216 |   100 ||   316
